 Dungeon Crawl Stone Soup version 0.31.0-9-g3a7656b989 (webtiles) character file.

Game seed: 7235763947879710330

7 qw the Shooter (level 1, 0/10 HPs)
             Began as a Spriggan Hunter on Feb 2, 2024.
             Succumbed to their own poison gas
             ... on level 1 of the Dungeon.
             The game lasted 00:00:02 (1052 turns).

qw the Shooter (Spriggan Hunter)                    Turns: 1052, Time: 00:00:02

Health: 0/10       AC:  2    Str:  7    XL:     1   Next: 91%
Magic:  2/2        EV: 18    Int: 10    God:
Gold:   64         SH:  0    Dex: 18    Spells: 0/0 levels left

rFire   . . .        a - +0 shortbow
rCold   . . .        (shield currently unavailable)
rNeg    . . .        c - +0 robe
rPois   .            (helmet restricted)
rElec   .            (no cloak)
rCorr   .            (gloves unavailable)
SInv    +            (boots unavailable)
Will    +....        (no amulet)
Stlth   ++           i - ring of willpower
HPRegen 0.21/turn    (no ring)
MPRegen 0.08/turn

%: no passive effects
@: lethally poisoned (0 -> -16), very quick
A: very small, no large weapons, unfitting armour, see invisible, speed 3
a: no special abilities


You were on level 1 of the Dungeon.
You visited 1 branch of the dungeon, and saw 2 of its levels.

You collected 94 gold pieces.
You spent 30 gold pieces at shops.


Innate Abilities, Weirdness & Mutations

You are very small and have problems with some larger weapons.
You are too small for most types of armour.
You have supernaturally acute eyesight. (SInv)
You cover ground extremely quickly. (Speed+++)


   Skills:
 - Level 1.5 Fighting
 - Level 4.0 Ranged Weapons
 + Level 3.6 Dodging
 - Level 1.5 Stealth


You couldn't memorise any spells.
You didn't know any spells.
Your spell library was empty.

Inventory:

Hand Weapons
 a - a +0 shortbow (weapon)
Armour
 c - a +0 robe (worn)
Jewellery
 i - a ring of willpower (left hand)
Scrolls
 e - a scroll of teleportation
Potions
 f - a potion of curing
 g - a potion of brilliance {unknown}

Dungeon Overview and Level Annotations

Branches:
Dungeon (2/15)

Altars:

Shops:
D:1 !


Message History

There is an open door here.
There is a faded altar of an unknown god here.
There is an open door here.
There is an open door here.
You see here a +0 dagger.
You see here 5 stones.
You see here 5 stones.
Partly explored, can't reach some places.
926 ||| UPGRADING to ring of willpower.
i - a ring of willpower (left hand)
927 ||| READING scroll labelled WUREIT JOWOMIS.
As you read the scroll labelled WUREIT JOWOMIS, it crumbles to dust.
Your body is wracked with pain!
It was a scroll of torment.
You start resting.
HP restored.
945 ||| READING scroll labelled FAMESTRE HADA.
As you read the scroll labelled FAMESTRE HADA, it crumbles to dust.
A wave of despondency washes over your surroundings.
It was a scroll of vulnerability.
You start waiting.
You feel your willpower return.
Done waiting.
1046 ||| READING 2 scrolls labelled METHOT MAEFEAHOP.
As you read the scroll labelled METHOT MAEFEAHOP, it crumbles to dust.
You feel strangely unstable.
It was a scroll of teleportation.
You start waiting.
Your surroundings suddenly seem different.
1049 ||| READING 2 scrolls labelled SOSINA PAFYSHRU.
The air fills with toxic fumes!
As you read the scroll labelled SOSINA PAFYSHRU, it crumbles to dust.
It was a scroll of poison.
1050 ||| DROPPING scroll of poison.
You drop a scroll of poison.
Enter note:
Enter note:
Enter note: You are engulfed in poison gas.
You are lethally poisoned!
Ouch! That really hurt!
You feel very sick.
1052 ||| Stepping ~*~*~tactically~*~*~ (cloud).
You die...

#.##.....# #......# #.# #.#
#.##.....# ######## ##'####.#
#.##.....##############........
#.###.................#........
#.# #..#######++'####.#........
#.###..# #¤+\+¤¤.#.#........
#......# #¤++¤##¤#.#........
###.#..# #¤¤¤¤¤¤¤#.#........
######..# #¤@¤¤¤¤¤#.#........
#.......######¤¤¤#.#.#.#######..
#.####.......#¤¤¤¤¤..#.# #.....#
#.# #.......#¤#¤#¤###.# #.#####
#.# #.......#¤#¤#.# #.# #.#....
#.# #.......#¤#.#.# #.###.#.###
#.# #.......#¤#.#.# #.#........
#.# #.......#¤#.#.# #.#.#.#.###
#.# #.......#.#.#.# #.#.#.#.#..


There were no monsters in sight!

Vanquished Creatures
  A ball python (D:1)
  2 bats (D:1)
  2 hobgoblins (D:1)
  A kobold (D:1)
  A rat (D:1)
7 creatures vanquished.

Notes
Turn   | Place    | Note
-------+----------+-------------------------------------------
     0 | D:1      | qw the Spriggan Hunter began the quest for the Orb.
     0 | D:1      | Reached XP level 1. HP: 10/10 MP: 2/2
     0 | D:1      | 0 ||| qw: Version: 0.3-a-155-g5e7d8dd
     0 | D:1      | 0 ||| qw: Game counter: 354
     0 | D:1      | 0 ||| qw: Melee chars always use a shield: true
     0 | D:1      | 0 ||| qw: God list: Okawaru
     0 | D:1      | 0 ||| qw: Allow faded altars: false
     0 | D:1      | 0 ||| qw: Do Orc after clearing Dungeon:15 true
     0 | D:1      | 0 ||| qw: Do second Lair branch before Depths: true
     0 | D:1      | 0 ||| qw: Lair rune preference: random
     0 | D:1      | 0 ||| qw: Goals: Normal
     0 | D:1      | 0 ||| PLANNING D:1-11
     9 | D:1      | You fall into a shaft and drop 1 floor!
    10 | D:2      | 10 ||| DROPPING scroll of butterflies.
    16 | D:2      | 16 ||| STAIRDANCE
    71 | D:1      | Reached skill level 3 in Dodging
   169 | D:1      | Found Mieh's Distillery.
   171 | D:1      | 171 ||| SHOPLISTING 2 potions of curing (60 gold, have 59).
   171 | D:1      | 171 ||| SHOPLISTING potion of cancellation (80 gold, have
                  | 59).
   171 | D:1      | 171 ||| BUYING potion of curing (30 gold).
   171 | D:1      | Bought a potion of curing for 30 gold pieces
   171 | D:1      | 171 ||| SHOPLISTING potion of enlightenment (50 gold, have
                  | 29).
   171 | D:1      | 171 ||| SHOPLISTING potion of heal wounds (50 gold, have
                  | 29).
   171 | D:1      | 171 ||| SHOPLISTING potion of might (40 gold, have 29).
   171 | D:1      | 171 ||| SHOPLISTING potion of mutation (80 gold, have 29).
   769 | D:1      | Found a faded altar of an unknown god.
   926 | D:1      | 926 ||| UPGRADING to ring of willpower.
   927 | D:1      | 927 ||| READING scroll labelled WUREIT JOWOMIS.
   945 | D:1      | 945 ||| READING scroll labelled FAMESTRE HADA.
  1046 | D:1      | 1046 ||| READING 2 scrolls labelled METHOT MAEFEAHOP.
  1049 | D:1      | 1049 ||| READING 2 scrolls labelled SOSINA PAFYSHRU.
  1050 | D:1      | 1050 ||| DROPPING scroll of poison.
  1051 | D:1      | HP: 2/10 [poisoned by you (poison gas)]
  1052 | D:1      | 1052 ||| Stepping ~*~*~tactically~*~*~ (cloud).
  1052 | D:1      | Succumbed to their own poison gas

Levels and vault maps discovered:
D:1:      lightli_molten_gateway, layout_basic, serial_shops,
          nicolae_shop_tiny_real_fake_doors, shapermc_ecumenical_altar_ellora
D:2:      layout_rooms, kennysheep_big_empty_room, uniq_terence

Skill      XL: |  1 |
---------------+----+-----
Dodging        | 3 |  3.6
Fighting       | |  1.5
Ranged Weapons | |  4.0
Stealth        | |  1.5

Action                     || total
---------------------------++-------
   Fire: Shortbow          ||    17
    Use: Scroll            ||     4
  Dodge: Dodged            ||     2

Table legend:
 A = Non-vault XP
 B = Vault XP
 C = Vault XP percentage of total XP
 D = Non-vault monster count
 E = Vault monster count
 F = Vault count percentage of total count
                 A         B        C        D         E       F
            +---------+---------+-------+---------+---------+-------
      Total |      11 |       0 |   0.0 |       7 |       0 |   0.0
            +---------+---------+-------+---------+---------+-------
        D:1 |      11 |       0 |   0.0 |       7 |       0 |   0.0
            +---------+---------+-------+---------+---------+-------
